 Dungeon Crawl Stone Soup version 0.27-a0-412-g8dd771eca2 (webtiles) character file.

Game seed: 7612781631923386356

2205 Morbidden the Caller (level 9, 7/65 HPs)
             Began as a Demonspawn Summoner on Feb 24, 2021.
             Was a Believer of Qazlal.
             Quit the game on level 1 of the Abyss.
             The game lasted 00:16:01 (7316 turns).

Morbidden the Caller (Demonspawn Summoner)          Turns: 7316, Time: 00:16:02

Health: 7/65       AC:  7    Str:  9    XL:     9   Next: 12%
Magic:  17/17      EV: 13    Int: 23    God:    Qazlal [**....]
Gold:   360        SH:  3    Dex: 13    Spells: 10/19 levels left

rFire    . . .     SeeInvis .     - Unarmed
rCold    . . .     Faith    .   (no shield)
rNeg     . . .     Spirit   .   v - +2 leather armour "Kula Rua" {Regen+ Int+3}
rPois    .         Reflect  .   (no helmet)
rElec    .         Harm     .   c - +0 cloak
rCorr    +         Rampage  .   (no gloves)
Will     .....                  b - +0 pair of boots
Stlth    +.........             (no amulet)
HPRegen  1.20/turn              p - ring of resist corrosion
MPRegen  0.15/turn              (no ring)

@: no status effects
A: claws 1, talons 1, spiny 2
a: Renounce Religion, Upheaval


You were on level 1 of the Abyss.
You worshipped Qazlal.
Qazlal was pleased with you.
You visited 2 branches of the dungeon, and saw 7 of its levels.
You visited the Abyss 1 time.
You also visited: Sewer.

You collected 360 gold pieces.

Inventory:

Missiles
 q - 21 poisoned darts
 s - 3 boomerangs
 w - a throwing net
Armour
 b - a +0 pair of boots (worn)
 c - a +0 cloak (worn)
 d - a +0 troll leather armour {Purgy}
 v - the +2 leather armour "Kula Rua" (worn) {Regen+ Int+3}
   (You found it on level 5 of the Dungeon)

   It affects your intelligence (+3).
   It increases your rate of regeneration.
Jewellery
 g - a ring of ice
 p - a ring of resist corrosion (left claw)
Wands
 t - a wand of mindburst (4)
 u - a wand of paralysis (7)
 x - a wand of digging (5)
Scrolls
 a - a scroll of enchant weapon
 f - 6 scrolls of identify
 h - 2 scrolls of blinking {unknown}
 i - a scroll of enchant armour {unknown}
 j - 4 scrolls of teleportation
 k - a scroll of magic mapping
 r - a scroll of fog
 y - a scroll of noise {unknown}
Potions
 e - 2 potions of mutation {unknown}
 l - 2 potions of cancellation {unknown}
 m - a potion of curing {unknown}
 n - 2 potions of degeneration {unknown}
 o - 2 potions of heal wounds
 z - a potion of haste {unknown}


   Skills:
 * Level 3.7 Fighting
 + Level 2.6 Armour
 * Level 4.1 Dodging
 + Level 2.1 Stealth
 + Level 0.6 Shields
 + Level 3.4 Unarmed Combat
 * Level 5.5 Spellcasting
 * Level 7.4 Summonings
 * Level 4.1 Invocations


You had 10 spell levels left.
You knew the following spells:

 Your Spells              Type           Power        Failure   Level
a - Summon Small Mammal   Summ           100%         1%          1
b - Call Imp              Summ           40%          1%          2
c - Call Canine Familiar  Summ           40%          1%          3
d - Summon Guardian Gole  Hex/Summ       23%          8%          3

Your spell library contained the following spells:

 Spells                   Type           Power        Failure   Level
 Beastly Appendage        Tmut           12%          12%         1
 Wereblood                Tmut           6%           19%         2
 Summon Ice Beast         Ice/Summ       23%          26%         4
 Summon Lightning Spire   Summ/Air       23%          26%         4
 Spider Form              Tmut/Pois      3%           36%         3
 Ice Form                 Ice/Tmut       6%           77%         4
 Blade Hands              Tmut           3%           98%         5


Dungeon Overview and Level Annotations

Branches:
Dungeon (6/15)             Temple (1/1) D:4           Sewer (visited)

Altars:
Cheibriados
Elyvilon
Fedhas
Gozag
Hepliaklqana
Kikubaaqudgha
Makhleb
Nemelex Xobeh
Okawaru
Qazlal
Ru
Sif Muna
Trog
Uskayaw
Vehumet
Wu Jian
Xom
Yredelemnul
Zin

Shops:
D:4 *!

Annotations:
D:6 exclusion: oklob plant, Phong's ghost, novice HaGl


Innate Abilities, Weirdness & Mutations

You have sharp fingernails.
You have sharp toenails.
You are mostly covered in sharp spines.


Message History

The black draconian stormcaller prays to Qazlal.
The komodo dragon hisses menacingly.
The black draconian stormcaller calls down the wrath of Qazlal upon you.
Qazlal smites you!
The ynoxinul gestures.
The ufetubus closely misses you. The ufetubus barely misses you.
The ufetubus is struck by your spines. The ufetubus misses you.
The ufetubus hits you.
You see here 20 stones.
You hear a roar!
A thrashing horror comes into view.
The ufetubus is struck by your spines.
You kill the ufetubus!
You hear a roar!
The thrashing horror tramples you.
You stumble backwards!
The thrashing horror tramples you.
You hold your ground!
The thrashing horror tramples you.
You hold your ground!
The thrashing horror roars!
The thrashing horror tramples you!
You hold your ground!
The thrashing horror tramples you.
You hold your ground!
The thrashing horror roars!
The thrashing horror tramples you!
* * * LOW HITPOINT WARNING * * *
You hold your ground!
The thrashing horror completely misses you.
The ynoxinul gestures.
The thrashing horror roars!
You block the thrashing horror's attack.
The thrashing horror closely misses you.
The thrashing horror roars!
You hear a hideous shriek!
The thrashing horror is struck by your spines.
The thrashing horror tramples you!
* * * LOW HITPOINT WARNING * * *
You hold your ground!
The thrashing horror closely misses you.
You hear a hideous shriek!
Found a sedimented silvery potion.
Unknown command.
Unknown command.
Are you sure you want to abandon this character and quit the game? (Confirm with "yes".)

##....# #.. # ... # # .
######.#....#
..###.......#...
#..#.#..##..# ##
#...#..###..##...# ###
#...##.....3#(.35
.....###.X#...3#.#.5####
.......@...##.....#.# #
.#.####°5#..#..# ..#.X #
#..##..####...#.. .
.....#### .#. ## .#
#....#. ### ## .## #.###
.! #.. . #.. .. ..# ..
... ##.


You could see a thrashing horror, a ynoxinul and an ufetubus (summoned).

Vanquished Creatures
  Purgy (D:4)
  An orc warrior (D:5)
  A sky beast (D:6)
  An ogre (D:5)
  5 kobold brigands (D:6)
  A bullfrog (D:6)
  3 scorpions
  A howler monkey (D:6)
  A hound (D:6)
  6 jellies (D:6)
  6 orc wizards
  3 iguanas (D:4)
  4 adders
  An ufetubus (D:6)
  15 oozes (D:6)
  3 worms
  3 leopard geckos
  18 orcs
  2 bats
  4 giant cockroaches
  5 goblins
  8 hobgoblins
  3 jackals
  2 quokkas
  5 frilled lizards
  5 kobolds
  3 rats
111 creatures vanquished.

Vanquished Creatures (collateral kills)
  Menkaure (D:4)
  Edmund (D:4)
  A water moccasin (Sewer)
  An orc warrior (D:6)
  An ice beast (D:6)
  A black bear (D:6)
  A scorpion (D:3)
  A bullfrog zombie (D:6)
  A hound (D:3)
  An orc priest (D:3)
  A jelly (D:6)
  Terence (D:3)
  An orc wizard (D:6)
  Robin (D:3)
  4 adders
  A white imp (D:6)
  3 worms
  3 dart slugs
  2 leopard geckos
  4 orcs
  2 giant cockroaches
  15 goblins
  5 hobgoblins
  10 jackals
  4 kobolds
  6 bats
  2 frilled lizards
  2 leopard gecko skeletons
  5 rats
82 creatures vanquished.

Vanquished Creatures (others)
  2 kobold brigands (D:6)
  5 fungi (D:6)
7 creatures vanquished.

Grand Total: 200 creatures vanquished

Notes
Turn   | Place    | Note
-------+----------+-------------------------------------------
     0 | D:1      | Morbidden the Demonspawn Summoner began the quest for the
                  | Orb.
     0 | D:1      | Reached XP level 1. HP: 13/13 MP: 3/3
   259 | D:1      | Gained mutation: You have sharp fingernails. [demonic
                  | ancestry]
   259 | D:1      | Reached XP level 2. HP: 18/19 MP: 1/5
   779 | D:1      | Learned a level 2 spell: Call Imp
  1577 | D:2      | Reached XP level 3. HP: 24/24 MP: 3/6
  2108 | D:2      | Learned a level 3 spell: Call Canine Familiar
  2569 | D:3      | Noticed Robin
  2820 | D:3      | Gained mutation: You are partially covered in sharp spines.
                  | [demonic ancestry]
  2820 | D:3      | Reached XP level 4. HP: 31/31 MP: 2/7
  2832 | D:3      | Killed Robin
  2938 | D:3      | Reached skill level 1 in Armour
  3006 | D:3      | Found an opulent altar of Gozag.
  3006 | D:3      | Noticed Terence
  3019 | D:3      | Killed Terence
  3346 | D:3      | Found a shimmering altar of Xom.
  3354 | D:3      | Reached XP level 5. HP: 35/36 MP: 7/9
  3552 | D:4      | Noticed Purgy
  3554 | D:4      | Noticed Edmund
  3564 | D:4      | Reached skill level 5 in Summonings
  3571 | D:3      | Reached skill level 1 in Fighting
  3585 | D:4      | Found a staircase to the Ecumenical Temple.
  3591 | Temple   | Entered the Ecumenical Temple
  3713 | Temple   | Became a worshipper of Qazlal Stormbringer
  3732 | D:4      | Noticed Menkaure
  3742 | D:4      | Killed Menkaure
  3743 | D:4      | Reached XP level 6. HP: 43/43 MP: 2/11
  3859 | D:4      | Found Nime's General Store.
  4000 | D:4      | Found Gacogo's Distillery.
  4175 | D:4      | Reached skill level 1 in Unarmed Combat
  4202 | D:4      | Killed Edmund
  4329 | D:4      | Killed Purgy
  4689 | D:5      | Entered Level 5 of the Dungeon
  4712 | D:5      | Reached skill level 6 in Summonings
  4712 | D:5      | Gained mutation: You are mostly covered in sharp spines.
                  | [demonic ancestry]
  4712 | D:5      | Reached XP level 7. HP: 26/49 MP: 8/13
  4810 | D:5      | Found a snail-covered altar of Cheibriados.
  4810 | D:5      | Noticed a torpor snail
  4811 | D:5      | Noticed a torpor snail
  4811 | D:5      | Noticed a torpor snail
  4823 | D:5      | Found a sparkling altar of Nemelex Xobeh.
  4850 | D:5      | Found a glowing drain.
  4861 | Sewer    | Entered a sewer
  4963 | Sewer    | Reached skill level 1 in Invocations
  5161 | D:5      | Learned a level 3 spell: Summon Guardian Golem
  5166 | D:5      | Reached * piety under Qazlal
  5504 | D:5      | Got a shimmering leather armour
  5523 | D:5      | Identified the +2 leather armour "Kula Rua" {Regen+ Int+3}
                  | (You found it on level 5 of the Dungeon)
  5540 | D:5      | Found a bloodstained altar of Trog.
  5839 | D:6      | Found an ornate altar of the Wu Jian Council.
  6036 | D:6      | Reached XP level 8. HP: 25/57 MP: 11/15
  6242 | D:6      | Reached skill level 5 in Spellcasting
  6254 | D:6      | Reached ** piety under Qazlal
  6268 | D:6      | Reached skill level 7 in Summonings
  6502 | D:6      | Found a runed translucent gate.
  6502 | D:6      | Found a runed translucent gate.
  6502 | D:6      | Found a runed translucent gate.
  6503 | D:6      | Noticed Phong's ghost (novice HaGl)
  6564 | D:6      | Found a white marble altar of Elyvilon.
  6719 | D:6      | Noticed an oklob plant
  7102 | D:6      | Gained mutation: You have sharp toenails. [demonic
                  | ancestry]
  7102 | D:6      | Reached XP level 9. HP: 62/64 MP: 5/17
  7175 | D:6      | Cast into level 1 of the Abyss (kobold brigand)
  7288 | Abyss:1  | Noticed a black draconian stormcaller
  7294 | Abyss:1  | Noticed a wind drake
  7294 | Abyss:1  | Noticed a komodo dragon
  7294 | Abyss:1  | Noticed a rime drake
  7297 | Abyss:1  | Noticed a rime drake
  7305 | Abyss:1  | Noticed a thrashing horror
  7316 | Abyss:1  | Quit the game

Illustrated notes

Levels and vault maps discovered:
D:1:      lightli_arrival_flooded_house, layout_basic, grunt_decor_fettered
D:2:      layout_loops_ring
D:3:      kennysheep_big_flooded_room, layout_loops_cross, old_standard_altar,
          grunt_gozag_breadcrumbs, kennysheep_generic_room_6, uniq_robin,
          uniq_terence, uniq_grinder
D:4:      layout_rooms, minmay_temple_entry_crystal_x, serial_shops,
          nicolae_shop_stone, kennysheep_mini_moat, uniq_menkaure, uniq_edmund,
          uniq_purgy
D:5:      layout_basic, nemelex_xobeh_ov_fountains_minmay, cheibriados_altar_2,
          cheibrodos_sewer_entry_bend, trog_hazing_becter
D:6:      lemuel_slime, layout_loops_cross, elyvilon_altar_1,
          lemuel_crystal_altar, gammafunk_ghost_nasty_kobolds
Temple:   cyrus_circular_temple
Abyss:1:  base:
D:5

Skill      XL: |  1  2  3  4  5  6  7  8 |
---------------+-------------------------+-----
Stealth        | 2 |  2.1
Dodging        | 2 3 4 |  4.1
Armour         | 1 2 |  2.6
Spellcasting   | 3 4 5 |  5.5
Summonings     | 5 6 7 |  7.4
Fighting       | 1 2 3 |  3.7
Unarmed Combat | 1 2 3 |  3.4
Invocations    | 2 4 |  4.1
Shields        | |  0.6

Action                   |  1- 3 |  4- 6 |  7- 9 || total
-------------------------+-------+-------+-------++-------
Melee: Unarmed           |   116 |    77 |   216 ||   409
       Punch             |       |     1 |     1 ||     2
 Cast: Summon Small Mamm |    43 |     7 |     8 ||    58
       Call Imp          |    32 |    25 |    13 ||    70
       Call Canine Famil |     1 |    11 |    15 ||    27
       Summon Guardian G |       |       |     4 ||     4
  Use: Scroll            |       |     6 |     1 ||     7
 Stab: Sleeping          |     2 |     1 |     1 ||     4
       Distracted        |       |     1 |     1 ||     2
Armor: Robe              |    22 |       |       ||    22
       Troll leather arm |    56 |    27 |     9 ||    92
       Leather armour    |       |       |    73 ||    73
Dodge: Dodged            |    95 |    60 |   152 ||   307
Block: Other             |       |       |    26 ||    26

Table legend: (Time is in decaauts)
 A = Elapsed time spent in this place.
 B = Non-inter-level travel time spent in this place.
 C = Inter-level travel time spent in this place.
 D = Time resting spent in this place.
 E = Time spent auto-exploring this place.
 F = Levels seen in this place.
 G = Mean time per level.
                   A        B        C        D        E       F      G
               +--------+--------+--------+--------+--------+-----+--------+
         Total |   7314 |   7161 |    153 |    612 |   4701 |   9 |  812.7 |
       Dungeon |   6848 |   6695 |    153 |    612 |   4346 |   6 | 1141.3 |
        Temple |    135 |    135 |      0 |      0 |    101 |   1 |  135.0 |
         Abyss |    140 |    140 |      0 |      0 |    111 |   1 |  140.0 |
         Sewer |    189 |    189 |      0 |      0 |    143 |   1 |  189.0 |
               +--------+--------+--------+--------+--------+-----+--------+

Top non-repeatable levels by time:
     D:3: 1272 daAuts
     D:1: 1242 daAuts
     D:6: 1207 daAuts
     D:5: 1088 daAuts
     D:2: 1041 daAuts
     D:4: 995 daAuts
   Sewer: 189 daAuts
 Abyss:1: 140 daAuts
  Temple: 135 daAuts
